Workbook

Sheet Sheet1
A2: RFX. No. 5002005330 NIT-
A3: Name of the Package | B3: Kankai river embankment protection and repair work of existing protection work to safeguard the tower no. 47 of 400/220kV D/C Kishanganj-Saharsa line

Sheet Basic
A1: =Sheet1!A2 -> RFX. No. 5002005330 NIT-
A2: =Sheet1!B3 -> Kankai river embankment protection and repair work of existing protection work to safeguard the tower no. 47 of 400/220kV D/C Kishanganj-Saharsa line
A4: General Guidelines for filling up the Price Schedule and other attachments.
A6: 1 | B6: Fill only Green shaded cells in Details and Schedule-I.
A7: 2 | B7: All the cells in Summary will be auto filled, therefore no cell is required to be filled in that sheet.
A8: 3 | B8: Instructions ,if any will be displayed automatically after selecting the cell.
A12: Click here to proceed.
A14: पावर ग्रिड कारपोरेशन ऑफ इण्डिया लिमिटेड
A15: (भारत सरकार का उद्यम)
A16: Power Grid Corporation of India Limited
A17: (A Government of India Enterprises)

Sheet Details
A1: =Sheet1!A2 -> RFX. No. 5002005330 NIT-
A2: =Sheet1!B3 -> Kankai river embankment protection and repair work of existing protection work to safeguard the tower no. 47 of 400/220kV D/C Kishanganj-Saharsa line
A4: Enter the following details of the bidder
A6: Name of the bidder
A7: Address
A10: Contact No.
A11: E-mail
A12: Alternative E-mail
A13: Printed Name
A14: Designation
A17: Place
A18: Date

Sheet Schedule-I
A1: =Sheet1!A2 -> RFX. No. 5002005330 NIT-
A2: =Sheet1!B3 -> Kankai river embankment protection and repair work of existing protection work to safeguard the tower no. 47 of 400/220kV D/C Kishanganj-Saharsa line
A4: Name of the bidder | E4: To,
A5: Address | B5: =Details!E7 -> 0 | E5: Contracts and Materials Department
B6: =Details!E8 -> 0 | E6: POWER GRID CORPORATION OF INDIA LIMITED
B7: =Details!E9 -> 0 | E7: VIDYUT BOARD COLONY, SHASTRINAGAR, PATNA-23
A9: Sl. No. | B9: Description | C9: Unit | D9: Quantity | E9: Unit Rate Excluding GST | F9: Amount Excluding GST (Rs.)
A10: 1 | B10: Stone Bound in Galvanising PVC coated wire netting including excavation, backfilling and carriage of material to the construction site by any means(mechanical/manual) all complete as per direction of Engineer-in-charge. | C10: Cum | D10: 2272 | E10: 6554 | F10: =D10*E10 -> 14890688
A11: 2 | B11: Supplying and Stacking of hard stone (for stone pitching) 22.5cm thick at site (The quantity of metal measured in stacks and reduced by 7.5% to calculate net quantity for payment) | C11: Cum | D11: 71.2125 | E11: 843.94068 | F11: =D11*E11 -> 60099.126
A12: 3 | B12: M 15 (1:2:4) mixed concrete for top seal cover of revetment all complete as per direction of Engineer-in-charge. | C12: Cum | D12: 22.5 | E12: 7633 | F12: =D12*E12 -> 171742.5
A13: Total (Excl GST)= | F13: =F10+F11+F12 -> 15122530
B14: Above (+)and below (-)(in %): To be quoted by bidder | F14: 0
B15: Quoted Price | F15: =F13*(1+F14) -> 15122530
B16: GST (in percentage )@ | C16: 0.18 | E16: On Quoted Price | F16: =F15*C16 -> 2722055.3
B17: Total amount including taxes= | F17: =F15+F16 -> 17844585
B18: (I) Bidders may please note that the percentage low/high quoted by the bidder in their bid with respect to the estimated value mentioned shall be considered proportionately on arriving the rates of each individual items of the BOQs enclosed as Annexures against each line item.
B19: (II) In cas of "AT PAR" , "0.00%" is to be quoted by the bidder
B20: (III) Bidder to quote only % below or above as -/+ in cell marked as GREEN
A22: Date | B22: =Details!E18 -> 0 | E22: Printed name | F22: =Details!E13 -> 0
A24: Place | B24: =Details!E17 -> 0 | E24: Designation | F24: =Details!E14 -> 0

Sheet Summary
A1: =Sheet1!A2 -> RFX. No. 5002005330 NIT-
A2: =Sheet1!B3 -> Kankai river embankment protection and repair work of existing protection work to safeguard the tower no. 47 of 400/220kV D/C Kishanganj-Saharsa line
A4: Name of the bidder | C4: =Details!E6 -> 0 | F4: To,
A5: Address | C5: =Details!E7 -> 0 | F5: Contracts and Materials Department
C6: =Details!E8 -> 0 | F6: POWER GRID CORPORATION OF INDIA LIMITED
C7: =Details!E9 -> 0 | F7: VIDYUT BOARD COLONY, SHASTRINAGAR, PATNA-23
A9: We declare that following are our Total Bid Prices in Rupees for the expenditure incurred for the entire scope of work as specified in the specifications and documents. We have indicated Total Estimated Cost as indicated in the "Bill of Quantity(BOQ) & Prices" covering entire scope of works enclosed herewith as Schedule-I.
A14: I | C14: Total for Installation/Services as per Schedule-I | H14: ='Schedule-I'!F15 -> 15122530
A15: II | C15: Total GST on services/Installation as per Schedule-I | H15: ='Schedule-I'!F16 -> 2722055.3
A16: III | C16: Toal BID Price including all taxes | H16: =SUM(H14:H15) -> 17844585
A19: Date | B19: =Details!E18 -> 0 | E19: Printed Name | G19: =Details!E13 -> 0
A20: Place | B20: =Details!E17 -> 0 | E20: Designation | G20: =Details!E14 -> 0
